 Dungeon Crawl Stone Soup version 0.23-a0-819-g6debee6 (webtiles) character file.

118 HissingSid the Covert (level 5, 0/45 HPs)
             Began as a Naga Assassin on Jan 22, 2019.
             Slain by an adder (2 damage)
             ... on level 3 of the Dungeon.
             The game lasted 00:04:23 (2193 turns).

HissingSid the Covert (Naga Assassin)               Turns: 2193, Time: 00:04:24

Health: 0/45       AC:  3    Str: 14    XL:     5   Next: 2%
Magic:  5/5        EV:  9    Int: 12    God:
Gold:   56         SH:  0    Dex: 12    Spells: 4/4 levels left

rFire    . . .     SeeInvis +   a - +2 dagger
rCold    . . .     Gourm    .   (no shield)
rNeg     . . .     Faith    .   c - +0 robe
rPois    +         Spirit   .   (no helmet)
rElec    .         Reflect  .   d - +0 cloak
rCorr    .         Harm     .   (no gloves)
MR       .....                  (no barding)
Stlth    ++++......             (no amulet)
HPRegen  0.15/turn              (no ring)
MPRegen  0.09/turn              (no ring)

@: flying, very slow
A: large, see invisible, deformed body, poison resistance, slowness 2, slow
metabolism 1, spit poison 1, AC +1
a: Spit Poison


You were on level 3 of the Dungeon.
You were hungry.

You visited 1 branch of the dungeon, and saw 3 of its levels.

You collected 56 gold pieces.

Inventory:

Hand Weapons
 a - a +2 dagger (weapon)
 b - a +0 blowgun
Missiles
 e - 8 poisoned needles
 f - 2 curare-tipped needles
 n - 51 stones (quivered)
Armour
 c - a +0 robe (worn)
 d - a +0 cloak (worn)
Jewellery
 s - an uncursed ring of fire
Scrolls
 i - a scroll of fog
 m - a scroll of noise
 p - a scroll of remove curse {unknown}
Potions
 j - a potion of cancellation
Comestibles
 g - a ration


   Skills:
 - Level 2.2 Fighting
 + Level 3.3 Short Blades
 - Level 1.7 Throwing
 - Level 0.7 Dodging
 + Level 8.2 Stealth


You had 4 spell levels left.
You didn't know any spells.
Your spell library was empty.

Dungeon Overview and Level Annotations

Branches:
Dungeon (2/15)

Altars:


Innate Abilities, Weirdness & Mutations

You cannot wear boots.
Your serpentine skin is tough. (AC +1)
You have supernaturally acute eyesight. (SInv)
Armour fits poorly on your strangely shaped body.
Your system is resistant to poisons. (rPois)
You cover ground very slowly.
You have a slow metabolism.
You can spit poison.


Message History

It was a scroll of fear.
You hit the adder.
Your attack snaps the adder out of its fear.
The adder is lightly wounded.
The adder bites you.
* * * LOW HITPOINT WARNING * * *
You miss the adder.
The adder is lightly wounded.
The adder bites you.
* * * LOW HITPOINT WARNING * * *
You hit the adder.
The adder is moderately wounded.
The adder closely misses you.
You hit the adder.
The adder is moderately wounded.
The adder bites you but does no damage.
You barely miss the adder.
The adder is moderately wounded.
The adder bites you.
You die...

# #≈#########
≈≈≈≈≈≈≈≈)#####
#####≈#≈#≈≈..oo#
#..≈≈≈S≈.≈.###.# #
.....≈.@...###....
...........†......
###..###.#.....g..
#. #....###### #
###..# #..# ...#
#.## #.#


You could see an adder and 2 orcs.

Vanquished Creatures
  An orc wizard (D:3)
  A howler monkey skeleton (D:2)
  3 adders
  A river rat (D:3)
  An ooze (D:2)
  2 worms (D:2)
  5 bats
  A giant cockroach (D:1)
  6 goblins
  3 hobgoblins
  8 kobolds
  4 frilled lizards
  4 rats
40 creatures vanquished.

Notes
Turn   | Place    | Note
-------+----------+-------------------------------------------
     0 | D:1      | HissingSid the Naga Assassin began the quest for the Orb.
     0 | D:1      | Reached XP level 1. HP: 19/19 MP: 1/1
    88 | D:1      | Reached skill level 6 in Stealth
    99 | D:1      | Reached XP level 2. HP: 3/26 MP: 2/2
  1354 | D:2      | Reached XP level 3. HP: 15/32 MP: 3/3
  1745 | D:2      | Reached skill level 7 in Stealth
  1999 | D:2      | Reached XP level 4. HP: 39/39 MP: 4/4
  2149 | D:2      | You fall through a shaft!
  2167 | D:3      | Reached skill level 8 in Stealth
  2167 | D:3      | Reached XP level 5. HP: 34/45 MP: 5/5
  2190 | D:3      | HP: 1/45 [adder (2)]
  2193 | D:3      | Slain by an adder

Vault maps used:
D:1:      lightli_arrival_farm, minmay_misc_feat_square
D:2:      nicolae_ru_path_of_blood, lemuel_doored_altar
D:3:      lemuel_coloured_pillars_altar, lightli_sewer_entry_pipes,
          minmay_diced_spiral

Skill      XL: |  1  2  3  4 |
---------------+-------------+-----
Stealth        | 6 7 8 |  8.2
Short Blades   | 3 |  3.3
Fighting       | |  2.2
Throwing       | |  1.7
Dodging        | |  0.7

Action                   |  1- 3 |  4- 6 || total
-------------------------+-------+-------++-------
Melee: Dagger            |    89 |    31 ||   120
  Use: Scroll            |     3 |     3 ||     6
       Potion            |       |     3 ||     3
 Stab: Sleeping          |     9 |     3 ||    12
       Invisible         |       |     2 ||     2
  Eat: Chunk             |     2 |       ||     2
Armor: Robe              |    18 |     7 ||    25
Dodge: Dodged            |    39 |    25 ||    64

Table legend:
 A = Non-vault XP
 B = Vault XP
 C = Vault XP percentage of total XP
 D = Non-vault monster count
 E = Vault monster count
 F = Vault count percentage of total count
                 A         B        C        D         E       F
            +---------+---------+-------+---------+---------+-------
      Total |     142 |      27 |  16.0 |      37 |       3 |   7.5
            +---------+---------+-------+---------+---------+-------
        D:1 |      29 |       0 |   0.0 |      20 |       0 |   0.0
        D:2 |      73 |       0 |   0.0 |      16 |       0 |   0.0
        D:3 |      40 |      27 |  40.3 |       1 |       3 |  75.0
            +---------+---------+-------+---------+---------+-------
